AoeStats
← luzmamera2

Arabia

509714520Analyzed
4v4 RM · 6d ago on Sep 27, 2026· 81m 50s· 8 players
Game mode
Random Map
Map size
Large (8 player)
Population
200
Speed
Normal
Resources
Standard
Victory
Conquest
Starting age
Dark Age
Ending age
Imperial Age
RankedLock teamsTeams togetherTeam positionsShared explorationLock speedFull tech treeHidden civsTurbo modeCheats
Victory
Defeat
🇨🇭 Vietnamese · Switzerland
891
+12
🇹🇼 Vikings · Taiwan
885
+12
🇨🇳 Vietnamese · China
881
+12
🇹🇷 Tatars · Türkiye
864
+13
🇧🇷 Franks · Brazil
868
-14
🇧🇷 Varangians · Brazil
816
-13
🇧🇷 Mongols · Brazil
798
-12
🇧🇷 Khmer · Brazil
728
-10
luzmamera2
0:38 Loom
11:53 Feudal Age
12:28 Double-Bit Axe
18:07 Stone Mining
20:20 Castle Age
21:12 Scale Mail Armor
25:30 Bow Saw
30:43 Fortified Wall
30:31 Gold Mining
31:55 Ballistics
31:56 Padded Archer Armor
31:47 Fletching
33:28 Wheelbarrow
33:26 Leather Archer Armor
34:31 Stone Shaft Mining
33:57 Murder Holes
35:13 Hand Cart
35:06 Bodkin Arrow
35:07 Elite Skirmisher
36:26 Masonry
40:17 Imperial Age
38:56 Thumb Ring
39:31 Chain Mail Armor
39:26 Forging
38:58 Pikeman
39:39 Squires
39:24 Arson
42:09 Two-Man Saw
41:58 Ring Archer Armor
41:29 Bracer
42:33 Chemistry
42:39 Elite Fire Lancer
43:33 Siege Engineers
44:01 Plate Mail Armor
44:58 Iron Casting
44:29 Imperial Skirmisher
46:42 Caravan
Feed Me
11:04 Feudal Age
16:50 Gold Mining
16:48 Double-Bit Axe
23:10 Castle Age
21:00 Loom
22:03 Fletching
29:44 Forging
29:39 Scale Barding Armor
29:27 Town Watch
31:26 Iron Casting
32:01 Silk Armor
33:01 Wheelbarrow
32:26 Town Patrol
33:49 Squires
33:34 Arson
33:10 Pikeman
36:30 Chain Barding Armor
46:04 Imperial Age
44:53 Padded Archer Armor
44:49 Bodkin Arrow
46:03 Leather Archer Armor
45:49 Scale Mail Armor
46:52 Hand Cart
46:10 Halberdier
47:12 Conscription
49:07 Blast Furnace
48:43 Plate Barding Armor
48:58 Heavy Cavalry Archer
50:19 Bracer
50:50 Ring Archer Armor
51:29 Ballistics
52:09 Chemistry
51:06 Murder Holes
54:41 Capped Ram
55:51 Siege Ram
59:33 Elite Keshik
60:57 Fortified Wall
60:27 Treadmill Crane
67:07 Horse Collar
72:46 Caravan
73:43 Sappers
75:00 Bow Saw
75:35 Siege Engineers
YJHAN
0:46 Loom
11:13 Feudal Age
11:49 Town Watch
12:46 Double-Bit Axe
16:18 Man-at-Arms
16:45 Arson
23:16 Castle Age
23:42 Pikeman
28:42 Forging
28:38 Scale Barding Armor
31:02 Horse Collar
33:26 Squires
34:43 Fletching
34:55 Scale Mail Armor
37:19 Bodkin Arrow
42:56 Town Patrol
43:20 Heavy Plow
47:27 Bow Saw
47:14 Gold Mining
47:15 Stone Mining
48:11 Iron Casting
47:52 Chain Mail Armor
52:00 Imperial Age
55:39 Crop Rotation
56:58 Blast Furnace
56:59 Elite Varangian Guard
57:36 Capped Ram
60:09 Siege Ram
62:06 Plate Mail Armor
61:38 Padded Archer Armor
74:39 Caravan
77:59 Bracer
863111034
13:29 Feudal Age
aLaN_DiCKSoN
6:53 Loom
9:58 Feudal Age
8:21 Loom
12:33 Double-Bit Axe
17:00 Bloodlines
23:46 Castle Age
26:25 Padded Archer Armor
35:42 Horse Collar
37:51 Fletching
38:16 Leather Archer Armor
38:12 Forging
38:08 Scale Barding Armor
38:02 Crossbowman
57:34 Elite Skirmisher
62:05 Husbandry
64:53 Thumb Ring
67:28 Nomads
75:46 Scale Mail Armor
Paulino
10:56 Feudal Age
9:11 Loom
19:39 Scale Barding Armor
20:28 Forging
25:46 Castle Age
28:14 Iron Casting
28:00 Chain Barding Armor
27:50 Husbandry
28:46 Bloodlines
30:49 Gold Mining
30:49 Stone Mining
44:50 Padded Archer Armor
44:23 Vendel Legacy
48:32 Imperial Age
48:55 Elite Jarl
51:59 Gothikon
55:07 Blast Furnace
54:43 Plate Barding Armor
54:30 Elite Varangian Guard
54:56 Arson
54:59 Gambesons
Samurai_z
6:46 Loom
10:39 Feudal Age
11:12 Double-Bit Axe
12:08 Wheelbarrow
14:01 Gold Mining
18:21 Scale Barding Armor
18:26 Forging
19:32 Stone Mining
20:29 Forging
20:59 Scale Mail Armor
24:20 Castle Age
24:13 Town Watch
25:11 Bow Saw
25:44 Gold Shaft Mining
26:02 Hand Cart
25:53 Husbandry
30:55 Chain Barding Armor
33:26 Town Patrol
35:06 Fletching
35:16 Padded Archer Armor
36:15 Chain Mail Armor
36:36 Iron Casting
36:03 Padded Archer Armor
37:52 Iron Casting
37:14 Bodkin Arrow
38:16 Caravan
42:44 Imperial Age
42:40 Leather Archer Armor
42:47 Cavalier
44:05 Plate Barding Armor
44:31 Blast Furnace
44:01 Plate Mail Armor
44:31 Blast Furnace
43:57 Ballistics
43:49 Chivalry
44:28 Ordonnance Companies
46:31 Chemistry
46:39 Conscription
46:31 Murder Holes
49:10 Siege Engineers
48:36 Cranequins
54:30 Elite Throwing Axeman
57:16 Heavy Mounted Crossbowman
60:20 Capped Ram
62:59 Arson
64:23 Elite Skirmisher
70:09 Treadmill Crane
80:02 Light Cavalry
wesley1611
10:50 Feudal Age
11:29 Double-Bit Axe
11:27 Horse Collar
21:37 Bloodlines
22:14 Scale Mail Armor
25:35 Forging
25:25 Padded Archer Armor
27:13 Arson
26:49 Man-at-Arms
32:12 Scale Barding Armor
32:00 Fletching
34:44 Castle Age
36:58 Chain Mail Armor
36:59 Leather Archer Armor
37:21 Bow Saw
37:16 Heavy Plow
38:23 Husbandry
42:08 Tusk Swords
44:14 Town Watch
44:12 Elite Skirmisher
46:37 Ballistics
46:23 Siphons
47:15 Masonry
50:25 Pikeman
52:14 Crossbowman
53:04 Gold Mining
53:05 Stone Mining
66:29 Town Patrol
67:06 Wheelbarrow
Connection lost

Rejoining the realm…

Still unreachable

The connection could not be restored.

Session expired

The server has moved on; the page needs a fresh start.